 Dungeon Crawl Stone Soup version 0.29.0-11-gd7f09526c8 (webtiles) character file.

Game seed: 4558870408101417919

753 greasedhog the Shooter (level 7, 0/40 HPs)
             Began as a Gargoyle Hunter on Sept 4, 2022.
             Was a Follower of Hepliaklqana.
             Slain by Pikel
             ... wielding a +1 whip of flaming
              (3 damage)
             ... on level 5 of the Dungeon.
             The game lasted 00:06:14 (5027 turns).

greasedhog the Shooter (Gargoyle Hunter)            Turns: 5027, Time: 00:06:15

Health: 0/40       AC: 15    Str: 12    XL:     7   Next: 78%
Magic:  7/7        EV: 10    Int: 12    God:    Hepliaklqana [*.....]
Gold:   355        SH:  0    Dex: 18    Spells: 6/6 levels left

rFire   . . .      SeeInvis .   a - +0 shortbow
rCold   + . .      Faith    .   (shield currently unavailable)
rNeg    + . .      Spirit   .   p - +4 ring mail of Objectivity {rC+ Str-2 Int+2 Dex+3}
rPois   ∞          Reflect  .   (no helmet)
rElec   +          Harm     .   (no cloak)
rCorr   .          Rampage  .   q - +0 pair of gloves
Will    .....                   (no boots)
Stlth   ++........              (no amulet)
HPRegen 0.13/turn               (no ring)
MPRegen 0.10/turn               (no ring)

@: no status effects
A: reduced essence, sickness immunity, AC +4, negative energy resistance 1,
electricity resistance, torment resistance 1, petrification resistance
a: Renounce Religion, Recall Ancestor, Ancestor Identity


You were on level 5 of the Dungeon.
You worshipped Hepliaklqana.
Hepliaklqana was aware of your devotion.
You visited 1 branch of the dungeon, and saw 5 of its levels.
You also visited: Ossuary.

You collected 355 gold pieces.

Inventory:

Hand Weapons
 a - a +0 shortbow (weapon)
Armour
 p - the +4 ring mail of Objectivity (worn) {rC+ Str-2 Int+2 Dex+3}
   (You found it on level 2 of the Dungeon)

   Str:       It affects your strength (-2).
   Int:       It affects your intelligence (+2).
   Dex:       It affects your dexterity (+3).
   rC:        It protects you from cold.
 q - a +0 pair of gloves (worn)
Jewellery
 h - an amulet of the acrobat
Wands
 c - a wand of polymorph (8)
Scrolls
 b - 2 scrolls of immolation
 e - 3 scrolls of vulnerability
 f - 4 scrolls of blinking
 g - a scroll of poison
 k - a scroll of magic mapping {unknown}
 m - 2 scrolls of enchant weapon
 r - 3 scrolls of fear {unknown}
 t - a scroll of acquirement {unknown}
 w - 2 scrolls of teleportation {unknown}
Potions
 d - 2 potions of heal wounds
 i - 3 potions of invisibility {unknown}
 j - 2 potions of curing {unknown}
 l - 3 potions of brilliance {unknown}
 n - a potion of attraction {unknown}
 o - a potion of degeneration {unknown}
 s - 2 potions of might {unknown}
 u - a potion of mutation {unknown}
 v - a potion of resistance {unknown}


   Skills:
 - Level 5.7 Fighting
 * Level 7.1 Ranged Weapons
 * Level 1.3 Armour
 - Level 1.5 Dodging
 - Level 3.5 Stealth


You had 6 spell levels left.
You didn't know any spells.
Your spell library contained the following spells:

 Spells                   Type           Power      Damage    Failure   Level
 Necrotise                Necr           0%         1d4       58%         1
 Sting                    Tmut/Pois      0%         1d3       58%         1
 Poisonous Vapours        Pois/Air       0%         N/A       73%         2
 Vampiric Draining        Necr           0%         2d6       91%         3
 Olgreb's Toxic Radiance  Pois           0%         N/A       100%        4
 Agony                    Necr           0%         N/A       100%        5


Dungeon Overview and Level Annotations

Branches:
Dungeon (5/15)            Ossuary (visited)
 Temple: D:4-7

Altars:
Gozag
Hepliaklqana
Qazlal

Annotations:
D:3 3 runed translucent doors, Lemondrips's ghost, amateur TrDe
D:5 1 runed translucent door, Pikel; smilodon's ghost, novice DsFi


Innate Abilities, Weirdness & Mutations

Your life essence is reduced to manifest your ancestor. (-10% HP)
You are immune to sickness and miasma.
Your stone body is resilient. (AC +4)
You are immune to poison.
You resist negative energy. (rN+)
You are resistant to electric shocks. (rElec)
You are resistant to unholy torment.
You are immune to petrification.


Message History

Aim: Pikel, wielding a +1 whip of flaming and wearing a +0 robe (heavily wounded, 60% to hit)
You shoot an arrow. The arrow hits Pikel!
Pikel is severely wounded.
A lemure comes into view.
The lemure barely misses you. Pikel hits you but does no damage.
The lemure attacks as you move away! The lemure closely misses you.
Pikel attacks as you move away! Pikel closely misses you.
Pikel attacks as you move away!
Pikel hits you with a +1 whip of flaming.
Pikel burns you.
Fire: a) +0 shortbow
Press: ? - help, Q - select action, (/) - cycle Shift-Dir - straight line, f/p - Pikel
Aim: Pikel, wielding a +1 whip of flaming and wearing a +0 robe (severely wounded, 60% to hit)
You shoot an arrow. The arrow hits Pikel.
Pikel is almost dead.
Pikel hits you with a +1 whip of flaming!
Pikel burns you. Pikel attacks as you move away!
Pikel hits you with a +1 whip of flaming!
Pikel burns you.
Found 3 stones.
Fire: a) +0 shortbow
Press: ? - help, Q - select action, (/) - cycle Shift-Dir - straight line, f/p - Pikel
Aim: Pikel, wielding a +1 whip of flaming and wearing a +0 robe (almost dead, 60% to hit)
You shoot an arrow.
The arrow hits Pikel but does no damage.
Pikel is almost dead.
Pikel hits you with a +1 whip of flaming.
Pikel burns you.
* * * LOW HITPOINT WARNING * * *
Pikel closely misses you.
Fire: a) +0 shortbow
Press: ? - help, Q - select action, (/) - cycle Shift-Dir - straight line, f/p - Pikel
Aim: Pikel, wielding a +1 whip of flaming and wearing a +0 robe (almost dead, 60% to hit)
You shoot an arrow. The arrow hits Pikel.
Pikel is almost dead.
The lemure hits you but does no damage.
Pikel hits you with a +1 whip of flaming!
* * * LOW HITPOINT WARNING * * *
Pikel burns you.
You die...

#...............#
.# #.#
#.#####.#####.###
.# #.# #.# #<#
.##### #.# #.#
#.####...... ..#
#.. #.........#
### ###
#..5......#
....5.##5.....#
5#.#####K#>.)## #
#@# ###
#..(....5.#
#######.### #.#
#.# ..# ###


You could see Pikel and 3 lemures.

Vanquished Creatures
  A phantom (D:5)
  A centaur (D:4)
  A necrophage (D:5)
  A scorpion (D:5)
  A killer bee (D:5)
  4 hounds (D:5)
  A jelly (D:5)
  A mummy (Ossuary)
  A gnoll (D:5)
  7 adders
  2 worms
  2 dart slugs
  2 orcs
  5 spectral bats (Ossuary)
  11 ball pythons
  8 bats
  9 endoplasms
  9 giant cockroaches
  11 hobgoblins
  3 quokkas
  3 bat simulacra (Ossuary)
  A frilled lizard (D:1)
  12 gnoll zombies (Ossuary)
  15 goblins
  5 goblin zombies (Ossuary)
  3 hobgoblin zombies (Ossuary)
  6 kobolds
  3 kobold simulacra (Ossuary)
  7 kobold zombies (Ossuary)
  3 orc zombies (Ossuary)
  6 rats
  2 rat simulacra (Ossuary)
  4 spectral goblins (Ossuary)
  4 spectral kobolds (Ossuary)
  4 spectral rats (Ossuary)
159 creatures vanquished.

Vanquished Creatures (collateral kills)
  A jelly (D:5)
  A white imp (D:5)
2 creatures vanquished.

Vanquished Creatures (others)
  2 ancestors (D:5)
  3 plants (D:1)
5 creatures vanquished.

Grand Total: 166 creatures vanquished

Notes
Turn   | Place    | Note
-------+----------+-------------------------------------------
     0 | D:1      | greasedhog the Gargoyle Hunter began the quest for the Orb.
     0 | D:1      | Reached XP level 1. HP: 12/12 MP: 1/1
   201 | D:1      | Reached XP level 2. HP: 17/17 MP: 2/2
   378 | D:1      | Reached XP level 3. HP: 20/21 MP: 3/3
  1624 | D:2      | Reached XP level 4. HP: 26/26 MP: 4/4
  1914 | D:2      | Identified the +4 ring mail of Objectivity {rC+ Str-2 Int+2
                  | Dex+3}
  2303 | D:3      | Reached skill level 5 in Ranged Weapons
  2411 | D:3      | Found a runed translucent gate.
  2411 | D:3      | Found a runed translucent gate.
  2411 | D:3      | Found a runed translucent gate.
  2412 | D:3      | Found an opulent altar of Gozag.
  2413 | D:3      | Noticed Lemondrips's ghost (amateur TrDe)
  2542 | D:3      | Reached XP level 5. HP: 31/31 MP: 5/5
  2820 | D:4      | Found a hazy altar of Hepliaklqana.
  2850 | D:4      | Became a worshipper of Hepliaklqana the Forgotten
  3152 | D:4      | Noticed a centaur
  3158 | D:4      | Killed a centaur
  3159 | D:4      | Reached XP level 6. HP: 17/38 MP: 6/6
  3175 | D:4      | Found a sand-covered staircase.
  3186 | Ossuary  | Entered an ossuary
  4278 | D:5      | Entered Level 5 of the Dungeon
  4299 | D:5      | Reached skill level 6 in Ranged Weapons
  4522 | D:5      | Reached * piety under Hepliaklqana
  4529 | D:5      | Found a stormy altar of Qazlal.
  4596 | D:5      | Reached XP level 7. HP: 39/39 MP: 7/7
  4599 | D:5      | Noticed smilodon's ghost (novice DsFi)
  4601 | D:5      | Found a runed translucent door.
  4685 | D:5      | Reached skill level 5 in Fighting
  4717 | D:5      | Reached skill level 7 in Ranged Weapons
  4727 | D:5      | Reached skill level 1 in Armour
  5013 | D:5      | Noticed Pikel
  5027 | D:5      | Slain by Pikel

Illustrated notes

Levels and vault maps discovered:
D:1:      dpeg_arrival_short_road, layout_loops_corners, serial_forest,
          infiniplex_forest_clump_large, infiniplex_forest_clump_long,
          infiniplex_forest_fountain, infiniplex_forest_end_3,
          infiniplex_forest_clump_long, infiniplex_forest_lined_2,
          infiniplex_forest_end_double, infiniplex_forest_straight_2,
          minmay_nonomino_d4
D:2:      minmay_chambers_of_ones, layout_loops_ring, grunt_decor_resistance
D:3:      layout_rooms, ebering_ghost_gozag
D:4:      layout_basic, old_standard_altar, enter_ossuary_3
D:5:      cheibrodos_barr_body, layout_loops_ring, grunt_qazlal_clouds,
          hellmonk_ghost_happy_afterlife, uniq_pikel, uniq_edmund

Skill      XL: |  1  2  3  4  5  6  7 |
---------------+----------------------+-----
Stealth        | 2 3 |  3.5
Ranged Weapons | 5 6 7 |  7.1
Fighting       | 3 4 5 |  5.7
Armour         | 1 |  1.3
Dodging        | |  1.5

Action                   |  1- 3 |  4- 6 |  7- 9 || total
-------------------------+-------+-------+-------++-------
 Fire: Shortbow          |   102 |   348 |    61 ||   511
Invok: Ancestor Identity |       |     1 |     1 ||     2
  Use: Scroll            |     1 |     3 |       ||     4
       Potion            |       |       |     1 ||     1
Armor: Leather armour    |    19 |    10 |       ||    29
       Ring mail         |       |   110 |    25 ||   135
Dodge: Dodged            |    21 |   142 |    33 ||   196
